 Dungeon Crawl Stone Soup version 0.16.0-11-gd45b091 (webtiles) character file.

406 Chiseanne the Insei (level 6, -5/33 HPs)
             Began as a Vine Stalker Monk on Mar 17, 2015.
             Was a Believer of Makhleb.
             Slain by Grinder (8 damage)
             ... on level 4 of the Dungeon.
             The game lasted 00:11:33 (3101 turns).

Chiseanne the Insei (Vine Stalker Monk)             Turns: 3101, Time: 00:11:33

Health: -5/33      AC:  6    Str: 13    XL:     6   Next: 87%
Magic:  0/8        EV: 15    Int: 10    God:    Makhleb [**....]
Gold:   169        SH:  0    Dex: 19    Spells: 0 memorised, 5 levels left

rFire  . . .     SeeInvis .       - Unarmed
rCold  + . .     Clarity  .     j - +0 robe {rC+}
rNeg   + . .     SustAb   .     (no shield)
rPois  .         Gourm    .     (no helmet)
rElec  .         Spirit   +     g - +1 cloak
rCorr  .         Warding  .     n - +1 pair of gloves
rMut   .         Rnd*Tele +     (no boots)
MR     .....                    (no amulet)
Stlth  ++........               r - ring of teleportation (curse)
                                i - ring of positive energy

@: very slightly contaminated, invisible, not resistant to hostile enchantments,
unstealthy
A: fangs 2, regeneration 2, magic shield, antimagic bite, no device heal 3, rot
immunity
a: Minor Destruction, Renounce Religion, Evoke Teleportation


You were on level 4 of the Dungeon.
You worshipped Makhleb.
Makhleb was pleased with you.
You were not hungry.

You visited 1 branch of the dungeon, and saw 4 of its levels.

You collected 169 gold pieces.

Inventory:

Hand weapons
 s - the +9 Staff of Wucad Mu {channel}
   (You found it on level 4 of the Dungeon)
Missiles
 c - 8 tomahawks (quivered)
Armour
 g - a +1 cloak (worn)
 j - a +0 robe of cold resistance (worn)
 n - a +1 pair of gloves (worn)
Jewellery
 h - an uncursed ring of invisibility
 i - a ring of positive energy (left hand)
 r - a cursed ring of teleportation (right hand)
Magical devices
 d - a wand of digging (14)
Scrolls
 t - a scroll of identify
Potions
 a - a potion of ambrosia
 e - 4 potions of cancellation
 f - 2 potions of curing
 m - a potion of berserk rage {unknown}
 p - a potion of degeneration {unknown}
Comestibles
 b - 4 bread rations
 k - a slice of pizza
 o - 5 fruits
 q - 5 meat rations


   Skills:
 * Level 4.1 Fighting
 * Level 4.0 Dodging
 - Level 2.4 Stealth
 * Level 6.0 Unarmed Combat


You had 5 spell levels left.
You didn't know any spells.

Dungeon Overview and Level Annotations

Branches:
Dungeon (4/15)
 Temple: D:4-7

Altars:
Dithmenos
Makhleb
Ru

Annotations:
D:4 Grinder


Innate Abilities, Weirdness & Mutations

You have extremely sharp teeth.
You heal very quickly.
When hurt, damage is shared between your health and your magic reserves.
Your bite disrupts and absorbs the magic of your enemies.
Potions and wands cannot restore your health.
You are immune to rotting.


Message History

Grinder is lightly wounded.
Grinder gestures at you.
You struggle to resist.
You barely miss Grinder.
Grinder is lightly wounded.
Grinder barely misses you.
You miss Grinder. You bite Grinder, but do no damage.
Grinder is lightly wounded.
Grinder gestures at you. Pain shoots through your body!
* * * LOW HITPOINT WARNING * * *
Drink which item? (? for menu, Esc to quit)
You fade into invisibility!
Grinder hits you!
* * * LOW HITPOINT WARNING * * *
You are very lightly contaminated with residual magic.
You hit Grinder!
Grinder is moderately wounded.
Grinder hits you!
You die...

*#####* #............#
##.
**#.....###..#.........#
##
**,........##.##.......##
#
**,,.$.......#.##..######
# *,,............#####
**,,........(...#
*,,,.....5..K...#
*,,,,.........#5#
#**,,,........##@# #
***,.......###†# #
**,....##*##.# ## ***###*
#..# .# #..# .## #..# ..#
#..# #.# #!.# ## #.##
#..## ##.


You could see Grinder.

Vanquished Creatures
  Sigmund (D:2)
  Crazy Yiuf (D:2)
  An iguana (D:4)
  2 orc wizards
  A worker ant (D:4)
  Ijyb (D:2)
  Jessica (D:2)
  6 adders
  A giant mite (D:4)
  2 worms (D:2)
  An adder skeleton (D:4)
  3 giant geckos
  11 orcs
  2 ball pythons
  5 giant cockroaches
  5 goblins
  8 hobgoblins
  3 jackals (D:4)
  4 quokkas
  8 bats
  5 giant newts
  10 kobolds
  8 rats
  A fungus (D:2)
91 creatures vanquished.

Notes
Turn   | Place    | Note
--------------------------------------------------------------
     0 | D:1      | Chiseanne, the Vine Stalker Monk, began the quest for the Orb.
     0 | D:1      | Reached XP level 1. HP: 11/11 MP: 1/1
   217 | D:1      | Reached XP level 2. HP: 16/16 MP: 3/3
   619 | D:2      | Noticed Ijyb
   639 | D:2      | Killed Ijyb
   639 | D:2      | Reached XP level 3. HP: 10/20 MP: 4/4
   770 | D:2      | Reached XP level 4. HP: 24/24 MP: 5/5
   800 | D:2      | Noticed Jessica
   800 | D:2      | Noticed Sigmund
   844 | D:2      | Killed Sigmund
   844 | D:2      | Reached skill level 5 in Unarmed Combat
   844 | D:2      | Reached XP level 5. HP: 15/28 MP: 4/7
   889 | D:2      | Killed Jessica
  1088 | D:2      | Found a sacrificial altar of Ru.
  1267 | D:2      | Noticed Crazy Yiuf
  1277 | D:2      | Killed Crazy Yiuf
  1894 | D:3      | Gained mutation: You heal very quickly. [vine stalker growth]
  1894 | D:3      | Reached XP level 6. HP: 33/33 MP: 8/8
  2447 | D:3      | Found a burning altar of Makhleb.
  2447 | D:3      | Found a shadowy altar of Dithmenos.
  2451 | D:3      | Became a worshipper of Makhleb the Destroyer
  2451 | D:3      | Acquired Makhleb's first power
  2451 | D:3      | Acquired Makhleb's second power
  3077 | D:4      | Noticed Grinder
  3079 | D:4      | Reached skill level 6 in Unarmed Combat
  3079 | D:4      | Paralysed by Grinder for 2 turns
  3101 | D:4      | Slain by Grinder

Action                   |  1- 3 |  4- 6 || total
-------------------------+-------+-------++-------
Melee: Unarmed           |    76 |   173 ||   249
  Use: Scroll            |       |    16 ||    16
       Potion            |       |     2 ||     2
 Stab: Sleeping          |     1 |     8 ||     9
  Eat: Chunk             |       |     7 ||     7
